 Dungeon Crawl Stone Soup version 0.28-a0-21-gf74fda84f9 (webtiles) character file.

Game seed: 1327214382001381017

67130 Spectrina the Eclecticist (level 15, -7/120 HPs)
             Began as a Djinni Necromancer on July 25, 2021.
             Was an Elder of Ashenzari.
             Mangled by Jorgrun (24 damage)
             ... on level 1 of the Orcish Mines on July 26, 2021.
             The game lasted 02:24:46 (8824 turns).

Spectrina the Eclecticist (Djinni Necromancer)      Turns: 8824, Time: 02:24:47

Health: -7/120     AC:  7    Str:  7    XL:     15   Next: 64%
Gold:   1827       EV: 22    Int: 23    God:    Ashenzari [****..] SH:  0 Dex: 17

rFire   + + +      SeeInvis +   p - +7 flail "Restrained With Me" {vorpal, *Rage +Rage rN+++ SInv, Self, Melee} (curse)
rCold   + . .      Faith    .   (no shield)
rNeg    + + +      Spirit   .   I - +1 robe {rC+ rF+}
rPois   ∞          Reflect  .   c - +1 helmet of Ashenzari's Jealousy {Fort, Range} (curse)
rElec   .          Harm     .   X - scarf of the Esoteric Shame {rC+ rF+, Evo, Self} (curse)
rCorr   .          Rampage  .   k - +1 pair of gloves {Dex+3}
Will    .....      Clarity  +   (boots unavailable)
Stlth   +++++.....              f - amulet of Ashenzari's Ordeal {Regen+, Cun, Self} (curse)
HPRegen 1.30/turn               y - ring of the Shackled Annoyance {EV+4, Melee, Self} (curse)
MPRegen 0.00/turn               u - ring "Bound With Me" {EV+4, Self, Evo} (curse)

@: weak-willed, grasped by roots, flying, constricted
A: sickness immunity, fire resistance 2, cold vulnerability 1, float, innate
caster, hp casting, extra vitality 1
a: Renounce Religion, Evoke Berserk Rage, Shatter the Chains


You were on level 1 of the Orcish Mines.
You worshipped Ashenzari.
Ashenzari was greatly pleased with you.
You visited 3 branches of the dungeon, and saw 18 of its levels.
You also visited: Ice Cave.

You collected 1827 gold pieces.

Inventory:

Hand Weapons
 p - the cursed +7 flail "Restrained With Me" (weapon) {vorpal, *Rage +Rage rN+++ SInv, Self, Melee}
   (You found it on level 5 of the Lair of Beasts)

   It inflicts extra damage upon your enemies.
   rN:        It renders you almost immune to negative energy.
   SInv:      It lets you see invisible.
   +Rage:     It lets you go berserk.
   *Rage:     It may make you go berserk in combat.
   It has a curse which improves the following skills: Introspection: Fighting
   and Spellcasting.
   Melee Combat: Short Blades, Long Blades, Axes, Maces & Flails, Polearms,
   Staves and Unarmed Combat.
 C - a +7 double sword of holy wrath
 T - the +8 autumn katana {vorpal, Clar}
   (You found it on level 6 of the Lair of Beasts)

   It inflicts extra damage upon your enemies.
   Clar:      It protects you against confusion.
Missiles
 w - 2 throwing nets (quivered)
Armour
 c - the cursed +1 helmet of Ashenzari's Jealousy (worn) {Fort, Range}
   (You found it on level 3 of the Lair of Beasts)

   It has a curse which improves the following skills: Fortitude: Armour and
   Shields.
   Ranged Combat: Slings, Bows, Crossbows and Throwing.
 k - a +1 pair of gloves of dexterity (worn)
 F - a +1 cloak
 I - a +1 robe of resistance (worn)
 J - the +2 robe "Petue" {Rampage rN+++ Will++ Str-2}
   (You found it on level 6 of the Lair of Beasts)

   Str:       It affects your strength (-2).
   rN:        It renders you almost immune to negative energy.
   Rampage:   It bestows one free step when moving towards enemies.
   Will:      It greatly increases your willpower.
 R - a +1 helmet
 U - +0 steam dragon scales
 X - the cursed scarf of the Esoteric Shame (worn) {rC+ rF+, Evo, Self}
   (You found it in an ice cave)

   It has a curse which improves the following skills: Evocations: Evocations.
   Introspection: Fighting and Spellcasting.
Magical Staves
 a - a staff of earth
Jewellery
 f - the cursed amulet of Ashenzari's Ordeal (around neck) {Regen+, Cun, Self}
   (You found it on level 3 of the Dungeon)

   [amulet of regeneration]

   Regen:     It increases your rate of health regeneration.
   It has a curse which improves the following skills: Cunning: Dodging and
   Stealth.
   Introspection: Fighting and Spellcasting.
 u - the cursed ring "Bound With Me" (right hand) {EV+4, Self, Evo}
   (You found it on level 7 of the Dungeon)

   [ring of evasion]

   EV:        It affects your evasion (+4).
   It has a curse which improves the following skills: Introspection: Fighting
   and Spellcasting.
   Evocations: Evocations.
 y - the cursed ring of the Shackled Annoyance (left hand) {EV+4, Melee, Self}
   (You found it on level 8 of the Dungeon)

   [ring of evasion]

   EV:        It affects your evasion (+4).
   It has a curse which improves the following skills: Melee Combat: Short
   Blades, Long Blades, Axes, Maces & Flails, Polearms, Staves and Unarmed
   Combat.
   Introspection: Fighting and Spellcasting.
 B - a +4 ring of evasion
 P - a ring of ice
Wands
 o - a wand of iceblast (6)
 r - a wand of polymorph (13)
 D - a wand of mindburst (9)
 H - a wand of acid (17)
 L - a wand of charming (6)
 W - a wand of paralysis (18)
 Z - a wand of flame (14)
Scrolls
 b - a scroll of fear
 j - 3 scrolls of vulnerability
 l - 11 scrolls of teleportation
 s - 4 scrolls of immolation
 t - 2 scrolls of blinking
 v - a scroll of silence
 E - a scroll of acquirement
 G - a scroll of holy word
 K - 3 scrolls of fog
 M - a scroll of brand weapon
 Y - a scroll of magic mapping
Potions
 d - a potion of berserk rage
 e - 4 potions of haste
 g - 6 potions of heal wounds
 h - a potion of invisibility
 i - 8 potions of curing
 m - 3 potions of attraction
 q - 3 potions of resistance
 x - 2 potions of mutation
 z - a potion of might
 A - a potion of ambrosia
 S - a potion of lignification
 V - 3 potions of brilliance
Miscellaneous
 n - a tin of tremorstones (2/2)
 N - a lightning rod (4/4)
 O - a box of beasts (inert)


   Skills:
 + Level 8.9(15.0) Fighting
 - Level 7.0(9.3) Dodging
 + Level 8.3(10.5) Stealth
 - Level 15.7(21.4) Spellcasting
 + Level 9.4(12.7) Evocations


You had 16 spell levels left.
You knew the following spells:

 Your Spells              Type           Power      Damage    Failure   Level
a - Pain                  Necr           100%       1d9       0%          1
c - Corona                Hex            98%        N/A       0%          1
d - Lee's Rapid Deconstr  Erth           44%        3d22*     0%          5
f - Searing Ray           Conj           100%       3d7       0%          2
i - Statue Form           Tmut/Erth      59%        N/A       1%          6
j - Dispel Undead         Necr           89%        3d28      0%          4
k - Agony                 Necr           89%        N/A       0%          5
l - Vampiric Draining     Necr           44%        2d12      0%          3
m - Animate Skeleton      Necr           100%       N/A       0%          1
n - Animate Dead          Necr           44%        N/A       0%          4
p - Iskenderun's Battles  Conj           89%        2d14      0%          5
y - Ignite Poison         Fire/Tmut/Pois 89%        N/A       0%          3
Your spell library was empty.

Dungeon Overview and Level Annotations

Branches:
Dungeon (10/15)            Temple (0/1) D:4            Lair (6/6) D:9
 Shoals (0/4) Lair:3        Snake (0/4) Lair:3        Slime (0/5) Lair:5
    Orc (2/2) D:10          IceCv (visited)
    Elf: Orc:2

Altars:
Ashenzari
Dithmenos
Elyvilon
Fedhas
Ru
Uskayaw
The Shining One
Lugonu

Shops:
D:9 (

Annotations:
D:8 2 transporters
Lair:1 exclusion: oklob plant
Orc:1 Jorgrun


Innate Abilities, Weirdness & Mutations

You are immune to sickness and miasma.
You are immune to poison.
Your flesh is very heat resistant. (rF++)
You are vulnerable to cold. (rC-)
You float through the air rather than walking.
You learn spells naturally, not from books.
Your magical power is your life essence.
You have superior vitality. (+4 HP)


Message History

Your battlesphere fires!
The barrage of energy hits the orc!
You kill the orc!
Your battlesphere expends the last of its energy and dissipates.
Jorgrun barely misses your juvenile stingshock beast.
The grasping roots constrict you!
Unknown command.
Unknown command.
Unknown command.
The searing ray hits the orc wizard!
The orc wizard is almost dead.
The searing ray hits the orc priest.
The orc priest is severely wounded.
Jorgrun mutters some incantations to himself.
The grasping roots constrict you.
Unknown command.
Unknown command.
Casting: Searing Ray (safe; 0% risk of failure)
Confirm with . or Enter, or press ? or * to list all spells.
Aiming: Vampiric Draining (safe; 0% risk of failure)
Press: ? - help, Shift-Dir - straight line, f - Jorgrun, p - orc priest
Aim: Jorgrun, wielding a +0 vorpal quarterstaff and wearing a +2 robe of positive energy You draw life force from Jorgrun!
You feel life coursing into your body. The orc wizard completely misses you.
Your juvenile stingshock beast hits the orc priest!
The orc priest dies!
Jorgrun hits you with a +0 vorpal quarterstaff!!
* * * LOW HITPOINT WARNING * * *
x2 The grasping roots constrict you!
The orc hits your juvenile stingshock beast but does no damage.
Unknown command.
Unknown command.
Unknown command.
Really read the scroll of vulnerability?
As you read the scroll of vulnerability, it crumbles to dust.
Magic quickly surges around you.
The orc wizard points at you and mumbles some strange words.
You feel momentarily confused.
Jorgrun hits you with a +0 vorpal quarterstaff!!
You die...

,, , ,, ,, * ,,, ,
..............,* ,
,,, ,
.,.............,,,
,,
,..#............,
,, * ,,,
...............,,
, ,,,,
............... ,
,
#......).......,,
* , #......)○...#
, * ,
,,,......g@T)..#,
, , , ,
*........o....# ,
* , ,,, ,
#$......H)....., *
,
,*.#......#o...#.
, ,,
........o)..##* *
* ,*
...........##* *
......... .. *** *
, * .............
**, * ** ,, , ,,


You could see Jorgrun (weak-willed, ally target), an orc wizard (invisible,
weak-willed), 2 orcs, a friendly juvenile stingshock beast (summoned,
weak-willed) and a friendly troll (charmed, weak-willed).

Vanquished Creatures
  Gastronok (Lair:3)
  A reaper (IceCv)
  A dire elephant (Lair:4)
  Fannar (Lair:1)
  6 hydras
  Erolcha (D:9)
  4 catoblepae
  A two-headed ogre (D:10)
  10 death yaks
  Urug (Lair:4)
  A fire crab (Lair:5)
  A lindwurm (Lair:6)
  An orc sorcerer (Orc:2)
  2 manticores (Lair:6)
  26 elephants
  12 black mambas
  13 cane toads
  3 torpor snails
  7 rime drakes
  2 anaconda simulacra (IceCv)
  10 komodo dragons
  A troll (D:9)
  2 entropy weaver simulacra (IceCv)
  Grinder (D:3)
  3 polar bears
  16 blink frogs
  4 dream sheep
  2 slime creatures (Lair:5)
  2 shadows (D:9)
  A wraith (D:10)
  A dire elephant simulacrum (IceCv)
  43 yaks
  2 wyverns
  3 basilisks
  2 death yak simulacra (IceCv)
  A steam dragon (D:9)
  Menkaure (D:4)
  4 nagas (Lair:3)
  3 wargs
  21 water moccasins
  8 orc warriors
  5 ogres
  A sky beast (Lair:2)
  A black bear (D:5)
  A hornet zombie (D:5)
  10 wolves
  A kobold brigand (D:9)
  20 bullfrogs
  3 cane toad simulacra (IceCv)
  2 gnoll sergeants
  2 two-headed ogre simulacra (IceCv)
  An elephant simulacrum (IceCv)
  5 wights (D:8)
  A howler monkey (D:9)
  4 centaur zombies
  4 jellies
  A hound (D:5)
  4 orc priests
  A bullfrog skeleton (D:4)
  6 iguanas
  7 orc wizards
  A hell rat (Lair:2)
  2 troll simulacra (IceCv)
  4 wolf simulacra
  4 polar bear simulacra (IceCv)
  7 spriggan simulacra (IceCv)
  A centaur simulacrum (D:9)
  2 hound zombies (D:5)
  A howler monkey zombie (D:9)
  10 gnolls
  5 adders
  9 naga simulacra (IceCv)
  7 river rats (Lair:2)
  6 white imps (IceCv)
  4 ufetubi (IceCv)
  2 worms
  A dart slug (D:1)
  24 orcs
  3 endoplasms
  2 giant cockroaches (D:4)
  3 hobgoblins
  6 kobolds
  2 quokkas
  6 ball pythons
  4 bats
  2 frilled lizards
  9 goblins
  A quokka skeleton (D:4)
  5 rats
439 creatures vanquished.

Vanquished Creatures (collateral kills)
  2 death yaks (Lair:3)
  2 elephants (Lair:4)
  A komodo dragon (Lair:4)
  A cane toad (Lair:3)
  2 rime drakes
  2 yaks (Lair:2)
  A naga (Lair:3)
  A bullfrog (Lair:3)
  An orc priest (Orc:1)
  An orc wizard (Orc:1)
  A hell rat (Lair:2)
  2 river rats (Lair:2)
  2 orcs (Orc:2)
  A rat (Lair:2)
20 creatures vanquished.

Vanquished Creatures (others)
  18 fungi
  29 plants
47 creatures vanquished.

Grand Total: 506 creatures vanquished

Notes
Turn   | Place    | Note
-------+----------+-------------------------------------------
     0 | D:1      | Spectrina the Djinni Necromancer began the quest for the
                  | Orb.
     0 | D:1      | Reached XP level 1. HP: 15/15 MP: 0/0
   122 | D:3      | Reached XP level 2. HP: 5/21 MP: 0/0
   153 | D:4      | Noticed an ogre
   307 | D:4      | HP: 1/21 [centaur zombie (5)]
   357 | D:3      | Noticed Grinder
   430 | D:3      | Found a shadowy altar of Dithmenos.
   529 | D:3      | Found a broken altar of Ashenzari.
   539 | D:3      | Became a worshipper of Ashenzari the Shackled
   891 | D:2      | Reached XP level 3. HP: 12/25 MP: 0/0
   891 | D:2      | Learned a level 1 spell: Corona
   956 | D:2      | Reached skill level 4 in Spellcasting
  1480 | D:4      | Reached XP level 4. HP: 18/31 MP: 0/0
  1517 | D:4      | Reached XP level 5. HP: 21/35 MP: 0/0
  1517 | D:4      | Learned a level 2 spell: Searing Ray
  1586 | D:3      | Reached skill level 5 in Spellcasting
  1693 | D:3      | Paralysed by Grinder for 3 turns
  1708 | D:3      | Killed Grinder
  1709 | D:3      | Reached skill level 6 in Spellcasting
  1709 | D:3      | Reached XP level 6. HP: 38/40 MP: 0/0
  1792 | D:4      | Reached XP level 7. HP: 44/45 MP: 0/0
  1792 | D:4      | Learned a level 3 spell: Ignite Poison
  1796 | D:5      | Entered Level 5 of the Dungeon
  1798 | D:5      | Reached * piety under Ashenzari
  1975 | D:4      | Found a white marble altar of Elyvilon.
  2249 | D:6      | Reached ** piety under Ashenzari
  2255 | D:5      | Reached skill level 1 in Evocations
  2352 | D:5      | Reached skill level 7 in Spellcasting
  2352 | D:5      | Reached XP level 8. HP: 49/50 MP: 0/0
  2540 | D:4      | Noticed Menkaure
  2545 | D:4      | Killed Menkaure
  2575 | D:4      | Found a staircase to the Ecumenical Temple.
  2698 | D:4      | Reached *** piety under Ashenzari
  2943 | D:7      | Found a sacrificial altar of Ru.
  3016 | D:8      | Noticed a yak
  3023 | D:8      | Killed a yak
  3024 | D:8      | Reached XP level 9. HP: 53/55 MP: 0/0
  3024 | D:8      | Learned a level 4 spell: Dispel Undead
  3038 | D:8      | Reached skill level 8 in Spellcasting
  3275 | D:8      | Reached skill level 1 in Fighting
  3377 | D:8      | Noticed a white ugly thing
  3378 | D:8      | Noticed an ancient zyme
  3473 | D:8      | Found a transporter.
  3473 | D:8      | Noticed a white ugly thing
  3474 | D:8      | Found a transporter.
  3474 | D:8      | Found a corrupted altar of Lugonu.
  3475 | D:8      | Noticed a green ugly thing
  3525 | D:8      | Reached XP level 10. HP: 65/67 MP: 0/0
  3646 | D:7      | Found a glowing golden altar of the Shining One.
  3655 | D:7      | Reached skill level 5 in Evocations
  3667 | D:7      | Reached skill level 5 in Stealth
  3734 | D:8      | Identified a scroll of acquirement
  3871 | D:9      | Reached skill level 9 in Spellcasting
  4063 | D:9      | Found a blossoming altar of Fedhas.
  4118 | D:9      | Noticed Erolcha
  4131 | D:9      | Killed Erolcha
  4219 | D:10     | Entered Level 10 of the Dungeon
  4228 | D:10     | Identified the +1 plate armour "Goem" {rCorr}
  4292 | D:9      | Found a staircase to the Lair.
  4341 | Lair:1   | Entered Level 1 of the Lair of Beasts
  4341 | Lair:1   | Noticed a rime drake
  4347 | Lair:1   | Killed a rime drake
  4358 | Lair:1   | Noticed a cane toad
  4381 | Lair:1   | Found a hide-covered altar of Uskayaw.
  4386 | Lair:1   | Noticed a cane toad
  4414 | Lair:1   | Killed a cane toad
  4415 | Lair:1   | Reached XP level 11. HP: 71/79 MP: 0/0
  4415 | Lair:1   | Learned a level 5 spell: Iskenderun's Battlesphere
  4416 | Lair:1   | Reached skill level 5 in Dodging
  4456 | Lair:1   | Noticed an oklob plant
  4485 | Lair:1   | Reached skill level 10 in Spellcasting
  4736 | Lair:1   | Noticed Joseph
  4743 | Lair:1   | Noticed Joseph
  4743 | Lair:1   | Joseph changed into Joseph the rime drake
  4748 | Lair:1   | Killed Joseph the rime drake
  4813 | Lair:1   | Noticed Fannar
  4823 | Lair:1   | Killed Fannar
  4829 | Lair:1   | Reached skill level 5 in Fighting
  4934 | Lair:2   | Noticed a four-headed hydra
  5012 | Lair:2   | Noticed Maggie
  5013 | Lair:2   | Noticed Maggie
  5013 | Lair:2   | Maggie changed into Maggie the sky beast
  5015 | Lair:2   | Killed Maggie the sky beast
  5032 | Lair:2   | Reached XP level 12. HP: 71/89 MP: 0/0
  5118 | Lair:2   | Killed a four-headed hydra
  5344 | Lair:3   | Reached skill level 11 in Spellcasting
  5365 | Lair:3   | Found a staircase to the Snake Pit.
  5370 | Lair:3   | Noticed a death yak
  5372 | Lair:3   | Noticed a death yak
  5374 | Lair:3   | Noticed a death yak
  5375 | Lair:3   | Noticed a death yak
  5378 | Lair:3   | Noticed a death yak
  5381 | Lair:3   | Killed a death yak
  5386 | Lair:3   | Killed a death yak
  5389 | Lair:3   | Killed a death yak
  5390 | Lair:3   | Killed a death yak
  5396 | Lair:3   | Killed a death yak
  5427 | Lair:3   | Found a frozen archway.
  5448 | Lair:3   | Reached skill level 12 in Spellcasting
  5448 | Lair:3   | Reached XP level 13. HP: 64/96 MP: 0/0
  5448 | Lair:3   | Learned a level 5 spell: Lee's Rapid Deconstruction
  5460 | IceCv    | Entered an ice cave
  5658 | IceCv    | Reached **** piety under Ashenzari
  5840 | IceCv    | Noticed a reaper
  5868 | IceCv    | Killed a reaper
  5889 | IceCv    | Upgraded the game from 0.28-a0-8-g6e044cfa68 to
                  | 0.28-a0-10-g964c8b829e
  6000 | Lair:3   | Found a staircase to the Shoals.
  6233 | Lair:5   | Reached skill level 13 in Spellcasting
  6309 | Lair:4   | Noticed a catoblepas
  6320 | Lair:4   | Killed a catoblepas
  6364 | Lair:4   | Noticed an eight-headed hydra
  6371 | Lair:4   | Killed an eight-headed hydra
  6466 | Lair:4   | Noticed a dire elephant
  6505 | Lair:4   | Killed a dire elephant
  6554 | Lair:4   | Reached skill level 14 in Spellcasting
  6557 | Lair:4   | Reached XP level 14. HP: 43/103 MP: 0/0
  6690 | Lair:5   | Found a staircase to the Slime Pits.
  6709 | Lair:5   | Reached ***** piety under Ashenzari
  6895 | Lair:5   | Reached skill level 15 in Spellcasting
  6938 | Lair:5   | Identified the +7 flail of Buch {vorpal, *Rage +Rage rN+++
                  | SInv}
  6994 | Lair:6   | Entered Level 6 of the Lair of Beasts
  7473 | Lair:6   | Reached XP level 15. HP: 108/113 MP: 0/0
  7473 | Lair:6   | Learned a level 6 spell: Statue Form
  7504 | Lair:6   | Identified the +2 robe "Petue" {Rampage rN+++ Will++ Str-2}
  7539 | Lair:6   | Identified the cursed +0 pair of gloves "Elitism of
                  | Ashenzari" {Evo, Cun} (You found it on level 5 of the Lair
                  | of Beasts)
  7539 | Lair:6   | Identified the cursed +1 robe of Supernal Knowledge {rC+,
                  | Range, Fort} (You took it off Fannar on level 1 of the Lair
                  | of Beasts)
  7803 | Lair:6   | Found the +8 autumn katana {vorpal, Clar}
  7958 | Lair:4   | Noticed Urug
  7965 | Lair:4   | Killed Urug
  7995 | Lair:4   | Upgraded the game from 0.28-a0-10-g964c8b829e to
                  | 0.28-a0-21-gf74fda84f9
  8260 | Lair:3   | Noticed Gastronok
  8268 | Lair:3   | Killed Gastronok
  8415 | D:9      | Found Vantoq's Antique Weapon Emporium.
  8608 | D:10     | Found a staircase to the Orcish Mines.
  8639 | Orc:1    | Entered Level 1 of the Orcish Mines
  8744 | Orc:2    | Entered Level 2 of the Orcish Mines
  8814 | Orc:1    | Noticed Jorgrun
  8824 | Orc:1    | Mangled by Jorgrun

Illustrated notes

Levels and vault maps discovered:
D:1:      dpeg_arrival_water_fire, layout_basic,
          hellmonk_ecumenical_altar_heavens_door, minivault_26
D:2:      layout_loops_ring, minmay_vboxes
D:3:      layout_basic, grunt_dithmenos_smoke,
          mainiacjoe_overflow_small_starburst, columned_hall_lemuel,
          minmay_liquid_box, hex_tiny, uniq_grinder
D:4:      layout_loops_ring, lemuel_coloured_pillars_altar, temple_hall,
          saegor_snake_ambush, uniq_menkaure
D:5:      layout_loops_corners, minitemple
D:6:      minmay_razor_zed, layout_loops_corners, roderic_serpentine_path,
          minmay_misc_feat_rugged, minivault_11, chequers_decorated_corner,
          grunt_potential
D:7:      layout_cave_pods, nicolae_ru_sacrificial_ziggurat,
          mainiacjoe_overflow_brackets
D:8:      gammafunk_corrupted_shrine, layout_basic
D:9:      minmay_ornate_pinched, layout_grid_maze, lemuel_tele_altar,
          dpeg_oklobed_lair, serial_shops, nicolae_shop_overgrown_old_shop,
          uniq_erolcha
D:10:     layout_cave_pools, david_orc_3, serial_shops, shop
Lair:1:   layout_cave_shapes, minmay_lair_oklob_bushes, lemuel_altar_in_water2,
          uniq_fannar, uniq_joseph
Lair:2:   layout_hall_layers, kennysheep_rathole, serial_bayou_shore_b,
          uniq_maggie
Lair:3:   layout_roguey, elwin_shoals_entry_rocks,
          minmay_snake_entry_guardpost_medium,
          portal_ice_cave_entry_ice_simulacra, uniq_gastronok
Lair:4:   beast_lair_carwin_large_4, layout_concentric_octagons,
          grunt_forest_stairs_basic, nzn_random_ring, uniq_urug
Lair:5:   layout_regular_city, minmay_slime_entry_pillars,
          minmay_shattered_shrine
Lair:6:   hangedman_lair_in_review, layout_hall_layers, minmay_lair_drake_nest
Orc:1:    nicolae_orc_accident_3, layout_caves, serial_shops,
          nicolae_shop_overgrown_old_shop, gammafunk_ghost_berserking_beasts,
          elf_legates, uniq_jorgrun
Orc:2:    st_orc_rangers, layout_caves, gammafunk_ghost_grave, serial_shops,
          shop, uniq_azrael

Skill      XL: |  1  2  3  4  5  6  7  8  9 10 11 12 13 14 15 |
---------------+----------------------------------------------+-----
Spellcasting   | 4 6 7 8 9 10 12 14 15 | 15.7
Stealth        | 2 3 4 5 6 7 8 |  8.3
Evocations     | 1 3 4 6 7 8 9 |  9.4
Fighting       | 1 3 5 6 8 |  8.9
Dodging        | 3 4 6 7 |  7.0

Action                   |  1- 3 |  4- 6 |  7- 9 | 10-12 | 13-15 || total
-------------------------+-------+-------+-------+-------+-------++-------
Melee: Flail             |    16 |     7 |       |       |     1 ||    24
 Fire: Hunting sling     |       |       |    57 |    40 |     1 ||    98
Throw: Stone             |       |     1 |       |       |       ||     1
       Dart              |       |       |       |     2 |       ||     2
 Cast: Pain              |    25 |    12 |    15 |     7 |       ||    59
       Vampiric Draining |    15 |       |     6 |    21 |   130 ||   172
       Corona            |     1 |     1 |       |       |       ||     2
       Animate Skeleton  |       |     1 |       |     1 |       ||     2
       Searing Ray       |       |     8 |    34 |    84 |   158 ||   284
       Agony             |       |       |     1 |     1 |    12 ||    14
       Animate Dead      |       |       |     3 |    10 |    19 ||    32
       Dispel Undead     |       |       |       |     4 |     6 ||    10
       Ignite Poison     |       |       |       |     1 |       ||     1
       Iskenderun's Batt |       |       |       |    22 |    67 ||    89
       Lee's Rapid Decon |       |       |       |       |    42 ||    42
       Statue Form       |       |       |       |       |     2 ||     2
Invok: Curse Item        |     1 |       |     4 |     2 |     5 ||    12
       Shatter the Chain |       |       |     1 |     1 |     4 ||     6
 Abil: End Transformatio |       |       |       |       |     1 ||     1
Evoke: Wand              |       |       |       |     7 |     4 ||    11
       Box of beasts     |       |       |       |     1 |     1 ||     2
  Use: Scroll            |       |       |     1 |       |     7 ||     8
       Potion            |       |       |       |       |     1 ||     1
Armor: Robe              |    13 |     4 |     4 |     4 |    28 ||    53
       Skin              |       |       |       |       |    22 ||    22
Dodge: Dodged            |    22 |    17 |    17 |    73 |   318 ||   447

Table legend: (Time is in decaauts)
 A = Elapsed time spent in this place.
 B = Non-inter-level travel time spent in this place.
 C = Inter-level travel time spent in this place.
 D = Time resting spent in this place.
 E = Time spent auto-exploring this place.
 F = Levels seen in this place.
 G = Mean time per level.
                   A        B        C        D        E       F      G
               +--------+--------+--------+--------+--------+-----+--------+
         Total |   8913 |   8352 |    561 |      0 |     43 |  19 |  469.1 |
       Dungeon |   4665 |   4335 |    330 |      0 |     43 |  10 |  466.5 |
          Lair |   3590 |   3384 |    206 |      0 |      0 |   6 |  598.3 |
  Orcish Mines |    185 |    160 |     25 |      0 |      0 |   2 |   92.5 |
      Ice Cave |    472 |    472 |      0 |      0 |      0 |   1 |  472.0 |
               +--------+--------+--------+--------+--------+-----+--------+

Top non-repeatable levels by time:
  Lair:6: 735 daAuts
     D:8: 703 daAuts
     D:3: 655 daAuts
     D:9: 653 daAuts
     D:4: 652 daAuts
  Lair:5: 650 daAuts
  Lair:1: 639 daAuts
  Lair:4: 639 daAuts
     D:5: 631 daAuts
     D:2: 551 daAuts
   IceCv: 472 daAuts
  Lair:3: 468 daAuts
  Lair:2: 456 daAuts
     D:1: 381 daAuts
     D:7: 208 daAuts
